AoeStats
← yomatyas94

Arena

508916152Analyzed
2v2 RM · 8d ago on Sep 24, 2026· 56m 32s· 4 players
Game mode
Random Map
Map size
Medium (4 player)
Population
200
Speed
Normal
Resources
Standard
Victory
Conquest
Starting age
Dark Age
Ending age
Imperial Age
RankedLock teamsTeams togetherTeam positionsShared explorationLock speedFull tech treeHidden civsTurbo modeCheats
Victory
Defeat
🇸🇪 Byzantines · Sweden
811
+16
🇸🇪 Khitans · Sweden
772
+18
🇦🇷 Turks · Argentina
808
-17
🇦🇷 Cumans · Argentina
808
-17
eson
10:24 Feudal Age
13:51 Castle Age
12:10 Double-Bit Axe
14:13 Wheelbarrow
14:36 Horse Collar
19:11 Heavy Plow
21:01 Sanctity
20:51 Fervor
23:27 Bow Saw
23:58 Loom
26:04 Fortified Wall
28:41 Imperial Age
26:48 Gold Mining
31:27 Heavy Camel Rider
32:08 Husbandry
33:06 Crop Rotation
33:35 Scale Barding Armor
33:34 Padded Archer Armor
33:35 Scale Mail Armor
33:56 Elite Skirmisher
35:03 Block Printing
35:00 Redemption
36:27 Two-Man Saw
35:38 Capped Ram
37:03 Leather Archer Armor
36:38 Fletching
37:09 Chain Barding Armor
39:44 Logistica
40:47 Bodkin Arrow
41:23 Ring Archer Armor
41:17 Conscription
42:06 Elite Cataphract
43:57 Forging
46:53 Pikeman
47:34 Squires
48:25 Iron Casting
47:52 Scale Mail Armor
48:11 Siege Ram
51:31 Plate Barding Armor
51:36 Hoardings
Rubaka
2:32 Loom
13:33 Feudal Age
13:59 Double-Bit Axe
14:56 Wheelbarrow
14:10 Domestication
14:32 Gold Mining
17:39 Stone Mining
17:35 Man-at-Arms
18:22 Town Watch
24:38 Castle Age
22:53 Arson
24:53 Scale Mail Armor
25:46 Husbandry
25:08 Light Cavalry
26:37 Pikeman
28:09 Hand Cart
28:14 Squires
27:36 Long Swordsman
28:02 Gambesons
28:46 Forging
30:06 Iron Casting
29:39 Scale Barding Armor
30:12 Bow Saw
30:00 Elite Skirmisher
31:29 Stone Shaft Mining
32:28 Town Patrol
33:53 Pastoralism
33:58 Padded Archer Armor
36:26 Crossbowman
38:33 Lamellar Armor
38:05 Heavy Cavalry Archer
38:51 Thumb Ring
41:33 Guard Tower
44:35 Murder Holes
44:52 Fortified Wall
45:02 Ballistics
44:24 Treadmill Crane
44:54 Masonry
45:33 Leather Archer Armor
47:52 Imperial Age
45:55 Coinage
45:26 Caravan
49:09 Ring Archer Armor
48:30 Fletching
48:56 Chain Mail Armor
49:02 Chain Barding Armor
49:12 Conscription
50:36 Two-Handed Swordsman
50:38 Elite Fire Lancer
51:57 Champion
54:00 Ordo Cavalry
54:45 Banking
54:25 Guilds
55:34 Elite Liao Dao
yomatyas94
11:09 Feudal Age
16:05 Castle Age
14:20 Double-Bit Axe
18:37 Wheelbarrow
17:57 Stone Mining
18:00 Gold Mining
27:28 Bow Saw
30:16 Gold Shaft Mining
34:52 Imperial Age
32:44 Hand Cart
32:18 Town Watch
33:09 Bloodlines
32:59 Husbandry
33:13 Scale Barding Armor
33:19 Forging
33:10 Padded Archer Armor
33:00 Fletching
34:56 Ballistics
41:19 Heavy Camel Rider
54:53 Conscription
Pipeiro
9:31 Feudal Age
10:48 Double-Bit Axe
11:22 Horse Collar
22:34 Castle Age
21:17 Gold Mining
21:19 Stone Mining
23:36 Wheelbarrow
22:59 Pikeman
24:49 Heavy Plow
25:01 Bow Saw
26:02 Thumb Ring
28:07 Forging
29:15 Fletching
32:52 Imperial Age
33:11 Heated Shot
33:41 Ballistics
33:21 Bodkin Arrow
34:02 Conscription
33:11 Halberdier
34:07 Arson
35:01 Iron Casting
34:58 Conscription
36:51 Two-Man Saw
37:33 Blast Furnace
38:23 Chemistry
36:56 Elite Skirmisher
38:23 Gold Shaft Mining
49:00 Bloodlines
51:46 Light Cavalry
Connection lost

Rejoining the realm…

Still unreachable

The connection could not be restored.

Session expired

The server has moved on; the page needs a fresh start.